 Dungeon Crawl Stone Soup version 0.30.1-3-gfc49f6343a (webtiles) character file.

Game seed: 10932306273910000215

1302 shmup the Destroyer (level 8, -3/44 HPs)
             Began as a Tengu Fire Elementalist on July 24, 2023.
             Shot with a bolt by an orc warrior (7 damage)
             ... on level 7 of the Dungeon on July 25, 2023.
             The game lasted 00:19:09 (6507 turns).

shmup the Destroyer (Tengu Fire Elementalist)       Turns: 6507, Time: 00:19:10

Health: -3/44      AC:  2    Str:  9    XL:     8   Next: 57%
Magic:  0/12       EV: 25    Int: 17    God:
Gold:   240        SH:  0    Dex: 15    Spells: 5/11 levels left

rFire   . . .        a - +1 short sword (elec)
rCold   . . .        (no shield)
rNeg    . . .        p - +0 robe
rPois   .            (helmet restricted)
rElec   .            (no cloak)
rCorr   .            (no gloves)
SInv    .            (boots unavailable)
Will    .....        y - amulet of guardian spirit
Stlth   ++           d - +5 ring of evasion
HPRegen 0.27/turn    A - +5 ring of evasion
MPRegen 0.13/turn

%: guardian spirit
@: flying quickly and evasively, quick
A: beak, talons 3, nimble flight
a: no special abilities


You were on level 7 of the Dungeon.
You visited 1 branch of the dungeon, and saw 7 of its levels.

You collected 295 gold pieces.
You spent 55 gold pieces at shops.

Inventory:

Hand Weapons
 a - a +1 short sword of electrocution (weapon)
 b - the +2 dagger "Ziraer" {flame, rF+ Will- Int+3}
   (You found it on level 4 of the Dungeon)

   Int:       It affects your intelligence (+3).
   rF:        It protects you from fire.
   Will:      It decreases your willpower.
 l - a +0 spear
Missiles
 f - 10 stones (quivered)
 m - 2 atropa-tipped darts
 t - 7 boomerangs
 B - 6 javelins
Armour
 p - a +0 robe (worn)
Jewellery
 d - a +5 ring of evasion (left hand)
 q - an amulet of faith
 y - an amulet of guardian spirit (around neck)
 A - a +5 ring of evasion (right hand)
Scrolls
 c - a scroll of noise {unknown}
 g - a scroll of acquirement {unknown}
 i - a scroll of fear {unknown}
 j - 2 scrolls of teleportation
 k - a scroll of immolation
 o - a scroll of poison {unknown}
 r - a scroll of vulnerability
 s - a scroll of butterflies {unknown}
 x - 4 scrolls of fog
Potions
 e - 2 potions of magic
 h - 3 potions of attraction
 n - 3 potions of heal wounds
 u - 3 potions of curing
 v - a potion of haste {unknown}
 w - a potion of ambrosia {unknown}
 z - 2 potions of mutation {unknown}
 C - a potion of berserk rage {unknown}
 D - 2 potions of lignification {unknown}


   Skills:
 + Level 2.1 Fighting
 + Level 3.3 Dodging
 - Level 2.0 Stealth
 - Level 2.0 Spellcasting
 + Level 8.2 Conjurations
 + Level 1.5 Hexes
 * Level 8.1 Fire Magic


You had 5 spell levels left.
You knew the following spells:

 Your Spells              Type           Power      Damage    Failure   Level
a - Foxfire               Conj/Fire      100%       2x1d9     1%          1
b - Scorch                Fire           58%        2d7       1%          2
c - Inner Flame           Hex/Fire       18%        N/A       9%          3

Your spell library contained the following spells:

 Spells                   Type           Power      Damage    Failure   Level
 Momentum Strike          Conj/Tloc      30%        3d8       5%          2
 Flame Wave               Conj/Fire      29%        2d9       7%          4
 Slow                     Hex            24%        N/A       11%         1
 Volatile Blastmotes      Fire/Tloc      30%        2d12      11%         3
 Mephitic Cloud           Conj/Pois/Air  11%        N/A       19%         3
 Blink                    Tloc           2%         N/A       28%         2
 Lesser Beckoning         Tloc           2%         N/A       28%         2
 Poisonous Vapours        Pois/Air       2%         N/A       28%         2
 Sublimation of Blood     Necr           1%         N/A       28%         2
 Confusing Touch          Hex            6%         N/A       30%         3
 Gell's Gravitas          Tloc           1%         N/A       50%         3
 Teleport Other           Tloc           1%         N/A       50%         3
 Vampiric Draining        Necr           1%         2d6       50%         3
 Irradiate                Conj/Tmut      7%         3d14      69%         5
 Freezing Cloud           Conj/Ice/Air   5%         6-21      86%         5
 Manifold Assault         Tloc           1%         N/A       88%         4
 Petrify                  Tmut/Erth      1%         N/A       88%         4
 Dispersal                Tloc           0%         N/A       100%        6
 Summon Cactus Giant      Summ           0%         N/A       100%        6
 Storm Form               Tmut/Air       0%         N/A       100%        7


Dungeon Overview and Level Annotations

Branches:
Dungeon (7/15)             Temple (0/1) D:6

Altars:
Dithmenos
Elyvilon
Hepliaklqana
Kikubaaqudgha
Ru

Shops:
D:6 ?


Innate Abilities, Weirdness & Mutations

You have a beak for a mouth.
You have claws for feet.
Your magical nature lets you fly swiftly and evasively.


Message History

Confirm with . or Enter, or press ? or * to list all spells.
Flames lash the orc warrior but do no damage.
The orc warrior shoots a bolt.
The bolt hits you!
Unknown command.
The orc warrior shoots a bolt.
The bolt misses you.
Casting: Scorch (safe; 1% risk of failure)
Confirm with . or Enter, or press ? or * to list all spells.
You conjure some foxfire!
The foxfire hits the orc warrior but does no damage.
The orc warrior shoots a bolt.
The bolt closely misses you.
You hear a shout!
The orc warrior shoots a bolt.
The bolt misses you.
Your foxfire dissipates!
The orc warrior shoots a bolt.
The bolt misses you.
An orc warrior is nearby!
The orc warrior shoots a bolt.
The bolt misses you.
The orc warrior shoots a bolt.
The bolt completely misses you.
The orc warrior shoots a bolt.
The bolt closely misses you.
The orc warrior shoots a bolt.
The bolt hits you!!
* * * LOW HITPOINT WARNING * * *
Casting: Foxfire (safe; 1% risk of failure)
Confirm with . or Enter, or press ? or * to list all spells.
You conjure some foxfire!
The foxfire hits the orc warrior but does no damage.
The foxfire hits the orc warrior.
Flame seeps out of the orc warrior.
The orc warrior is lightly wounded.
Casting: Foxfire (safe; 1% risk of failure)
Confirm with . or Enter, or press ? or * to list all spells.
You conjure some foxfire!
The orc warrior is engulfed in blazing flames.
Flame seeps out of the orc warrior.
The foxfire hits the orc warrior but does no damage.
The orc warrior is heavily wounded.
The foxfire hits the orc warrior but does no damage.
The orc warrior is heavily wounded.
The orc warrior shoots a bolt.
The bolt misses you.
The orc warrior shoots a bolt.
The bolt hits you!
* * * LOW HITPOINT WARNING * * *
The orc warrior shoots a bolt.
The bolt hits you!
You die...

.▒▒o▒▒▒▒ ▒.▒▒▒▒▒▒▒▒▒...▒.......▒
.▒▒..o.▒ ▒. ▒........▒.......▒
.▒▒▒▒▒.▒ ▒.▒▒▒....▒.......▒
.▒.....▒▒▒▒▒▒▒▒.▒ ▒....▒.......▒
.▒▒.▒....o......▒▒▒....▒.......▒
...#▒.▒▒▒▒▒..........▒▒▒.......▒
..........▒..........▒ ▒.......▒
▒▒▒▒..▒▒▒.▒..........▒ ▒.......▒
▒▒.....▒.....Q....▒ ▒.......▒
▒▒....▒....▒▒▒▒'▒▒ ▒▒..▒▒▒▒▒
▒..▒..▒..▒...▒▒.▒ ▒.▒▒
▒.....▒.........▒▒▒▒▒.▒
▒..........▒▒▒▒>......▒
▒▒▒▒▒.▒.▒▒▒▒ ▒▒.▒▒▒▒▒▒
▒.........▒ ▒▒.▒
▒....▒....▒▒▒▒..▒
▒.▒..▒..▒......▒▒


You could see an orc warrior (inner flame).

Vanquished Creatures
  A water moccasin (D:7)
  2 orc warriors
  2 sky beasts
  2 bullfrogs
  A jelly (D:5)
  6 hounds
  2 orc priests
  2 sleepcaps
  3 iguanas
  An orc wizard (D:5)
  2 gnolls
  10 adders
  A shadow imp (D:7)
  A white imp (D:4)
  2 ufetubi
  A worm (D:4)
  A dart slug (D:1)
  19 orcs
  11 bats
  11 endoplasms
  8 giant cockroaches
  6 goblins
  11 hobgoblins
  9 jackals
  5 kobolds
  5 quokkas
  4 ball pythons
  4 frilled lizards
  4 rats
137 creatures vanquished.

Vanquished Creatures (others)
  301 foxfires
301 creatures vanquished.

Grand Total: 438 creatures vanquished

Notes
Turn   | Place    | Note
-------+----------+-------------------------------------------
     0 | D:1      | shmup the Tengu Fire Elementalist began the quest for the
                  | Orb.
     0 | D:1      | Reached XP level 1. HP: 10/10 MP: 4/4
    87 | D:1      | Reached XP level 2. HP: 15/15 MP: 3/6
   154 | D:1      | Learned a level 2 spell: Scorch
   444 | D:1      | Reached XP level 3. HP: 19/19 MP: 3/7
  1243 | D:2      | Reached XP level 4. HP: 23/24 MP: 3/8
  1897 | D:2      | Found a faded altar of an unknown god.
  1900 | D:2      | Gained mutation: Your magical nature lets you fly swiftly
                  | and evasively. [Tengu growth]
  1900 | D:2      | Reached XP level 5. HP: 28/28 MP: 7/9
  1995 | D:3      | Reached skill level 5 in Fire Magic
  2730 | D:4      | Reached skill level 5 in Conjurations
  3090 | D:4      | Reached XP level 6. HP: 32/32 MP: 7/10
  3144 | D:4      | Found a shadowy altar of Dithmenos.
  3150 | D:4      | Found an ancient bone altar of Kikubaaqudgha.
  3234 | D:4      | Identified the +2 dagger "Ziraer" {flame, rF+ Will- Int+3}
  3410 | D:4      | Found a white marble altar of Elyvilon.
  3611 | D:5      | Entered Level 5 of the Dungeon
  4045 | D:5      | Reached XP level 7. HP: 36/36 MP: 0/11
  4772 | D:5      | Learned a level 3 spell: Inner Flame
  4999 | D:6      | Found Fuesaergh's Magic Scroll Shop.
  5165 | D:6      | Bought a scroll of identify for 22 gold pieces
  5167 | D:6      | Bought a scroll of teleportation for 33 gold pieces
  5198 | D:6      | Found a staircase to the Ecumenical Temple.
  5279 | D:6      | Reached XP level 8. HP: 42/42 MP: 7/12
  5341 | D:6      | Reached skill level 1 in Fighting
  5539 | D:6      | Found a hazy altar of Hepliaklqana.
  5550 | D:6      | Reached skill level 1 in Hexes
  5626 | D:6      | Found a sacrificial altar of Ru.
  6507 | D:7      | Shot with a bolt by an orc warrior

Illustrated notes

Levels and vault maps discovered:
D:1:      minmay_arrival_radiant_lines, layout_loops_ring,
          minmay_split_cup_small
D:2:      layout_rooms, shapermc_ecumenical_altar_flowoftime
D:3:      layout_rooms
D:4:      cheibrodos_old_hovel, layout_gridville, kennysheep_mini,
          grunt_temple_overflow_open
D:5:      layout_basic
D:6:      layout_basic, nicolae_overflow_hidden_temple,
          minmay_temple_entry_proselytizer, serial_shops,
          nicolae_shop_just_a_little_nook, serial_rivers,
          chequers_serial_rivers_room_b, chequers_serial_rivers_room_a,
          chequers_serial_rivers_large_b, chequers_serial_rivers_room_b
D:7:      layout_basic, hangedman_abyss_or_decor_passed

Skill      XL: |  1  2  3  4  5  6  7  8 |
---------------+-------------------------+-----
Conjurations   | 2 3 4 5 6 7 8 |  8.2
Fire Magic     | 4 5 6 7 8 |  8.1
Fighting       | 2 |  2.1
Hexes          | 1 |  1.5
Dodging        | 3 |  3.3
Stealth        | |  2.0
Spellcasting   | |  2.0

Action                     |  1- 3 |  4- 6 |  7- 9 || total
---------------------------+-------+-------+-------++-------
  Melee: Whip              |     2 |       |       ||     2
         Unarmed           |     1 |       |       ||     1
         Dagger            |    12 |     2 |     4 ||    18
         Kick              |     6 |     3 |     3 ||    12
         Spear             |     4 |     5 |       ||     9
         Short sword       |     1 |     4 |     9 ||    14
         Peck              |     1 |       |     2 ||     3
  Throw: Javelin           |       |       |     1 ||     1
   Cast: Foxfire           |    48 |    98 |    31 ||   177
         Scorch            |     7 |    19 |    41 ||    67
         Inner Flame       |       |       |     3 ||     3
    Use: Scroll            |       |     3 |     5 ||     8
 Armour: Robe              |    12 |     4 |     1 ||    17
  Dodge: Dodged            |    31 |    43 |    37 ||   111
